 Dungeon Crawl Stone Soup version 0.27.1-1-g398f81649c (webtiles) character file.

Game seed: 11928873490195757482

172 Descartes the Stinger (level 5, -2/28 HPs)
             Began as a Deep Elf Venom Mage on Sept 20, 2021.
             Killed by nerve-wracking pain
             ... invoked by Grinder
              (10 damage)
             ... on level 3 of the Dungeon.
             The game lasted 00:12:47 (3788 turns).

Descartes the Stinger (Deep Elf Venom Mage)         Turns: 3788, Time: 00:12:48

Health: -2/28      AC:  4    Str:  5    XL:     5   Next: 27%
Magic:  8/11       EV: 11    Int: 21    God:
Gold:   123        SH:  5    Dex: 15    Spells: 2/10 levels left

rFire    . . .     SeeInvis .   l - +2 short sword (drain)
rCold    + + .     Faith    .   (no shield)
rNeg     . . .     Spirit   .   v - +1 leather armour {rC+}
rPois    .         Reflect  +   (no helmet)
rElec    .         Harm     .   q - scarf {repulsion}
rCorr    .         Rampage  .   (no gloves)
Will     .....                  (no boots)
Stlth    ++........             g - amulet of reflection
HPRegen  0.09/turn              t - ring of protection from cold
MPRegen  0.12/turn              (no ring)

@: very slightly contaminated, repel missiles
A: no striking features
a: no special abilities


You were on level 3 of the Dungeon.
You visited 1 branch of the dungeon, and saw 4 of its levels.
You also visited: Sewer.

You collected 123 gold pieces.

Inventory:

Hand Weapons
 k - a +2 dagger of venom
 l - a +2 short sword of draining (weapon)
Missiles
 b - 26 poisoned darts
 c - 46 stones
 f - 5 boomerangs
 h - 20 bolts
 j - 38 arrows
Armour
 q - a scarf of repulsion (worn)
 v - a +1 leather armour of cold resistance (worn)
Jewellery
 g - an amulet of reflection (around neck)
 t - a ring of protection from cold (left hand)
Scrolls
 d - a scroll of enchant armour {unknown}
 e - a scroll of brand weapon {unknown}
 n - a scroll of fear {unknown}
 o - 3 scrolls of magic mapping {unknown}
 s - a scroll of summoning {unknown}
Potions
 i - a potion of experience {unknown}
 m - a potion of curing
 p - 5 potions of flight
 r - a potion of mutation
 u - a potion of might {unknown}


   Skills:
 - Level 2.4 Dodging
 - Level 3.0 Stealth
 - Level 3.0 Spellcasting
 * Level 0.1 Translocations
 - Level 1.1 Transmutations
 + Level 6.4 Poison Magic


You had 2 spell levels left.
You knew the following spells:

 Your Spells              Type           Power      Damage    Failure   Level
a - Sting                 Tmut/Pois      76%        1d6       4%          1
b - Olgreb's Toxic Radia  Pois           30%        N/A       16%         4
c - Poisonous Vapours     Pois/Air       32%        N/A       9%          2
d - Apportation           Tloc           6%         N/A       22%         1

Your spell library contained the following spells:

 Spells                   Type           Power      Damage    Failure   Level
 Animate Skeleton         Necr           6%         N/A       22%         1
 Corona                   Hex            3%         N/A       22%         1
 Summon Small Mammal      Summ           12%        N/A       22%         1
 Mephitic Cloud           Conj/Pois/Air  12%        N/A       28%         3


Dungeon Overview and Level Annotations

Branches:
Dungeon (4/15)              Sewer (visited)
 Temple: D:4-7

Altars:

Shops:
D:1 ?   D:4 !

Annotations:
D:3 1 runed translucent door, Crazy Yiuf, Grinder


Message History

Aim: a kobold, wielding a +0 whip (moderately wounded, very poisoned, 67% to hit)
The sting hits the kobold.
The kobold looks as sick as possible!
You kill the kobold!
Your magical contamination has completely faded away.
You see here a +0 whip.
You see here a +0 whip.
There is an escape hatch in the ceiling here.
Grinder comes into view.
Grinder shouts!
Grinder says, "Mostly I couldn't keep them alive."
Casting: Sting (safe; 4% risk of failure)
Confirm with . or Enter, or press ? or * to list all spells.
You can't see any susceptible monsters within range! (Use Z to cast anyway.) Unknown command.
There is a stone staircase leading down here.
You climb downwards.
Found a runed scarf and a potion of curing.
Found Kumut's Distillery.
Found a stone staircase leading down.
There is a stone staircase leading up here.
Casting: Sting (safe; 4% risk of failure)
Confirm with . or Enter, or press ? or * to list all spells.
The spell is extremely dangerous to cast (16% risk of failure)!
Continue anyway?
You miscast Olgreb's Toxic Radiance.
You are very lightly contaminated with residual magic.
You feel odd!
You are poisoned.
You feel sick.
Unknown command.
You feel sick.
You climb upwards.
Level annotation: 1 runed translucent door, Crazy Yiuf, Grinder You feel sick.
There is a stone staircase leading down here.
You feel sick.
You feel sick.
You feel sick.
You are no longer poisoned.
Grinder gestures at you. Pain shoots through your body!
You die...

#.# #....#....#..............
#.# #.#######............)...
#.# #....#....##.#....##.###.
#.# #.##.#..####.#.#####<# ##
#.# #.##.#..# #.#.# #.# ##
#.# #.##....####.#.#####.###
.# #.#
#............#.##......# .#
#.# #.###.............##...#
.#
#.####.###...@.5..#.#..####.#
.# #<.>.........####.#.#..#
#.# .# ######.###..##
#.#.#..####.# .# #......#
#.#.........# .# #..##..##
#.###..####.# .# #.......#
#>.....# #.# .# #..##...#
#####.## #.# .# #..##...# #.#
#.# .######
#..##...########.#####.#


You could see Grinder.

Vanquished Creatures
  Terence (D:2)
  4 adders
  5 worms
  2 dart slugs (D:2)
  3 ball pythons
  10 endoplasms
  7 giant cockroaches
  5 goblins
  5 hobgoblins
  7 jackals
  8 kobolds
  4 quokkas
  10 bats
  11 frilled lizards
  8 rats
90 creatures vanquished.

Notes
Turn   | Place    | Note
-------+----------+-------------------------------------------
     0 | D:1      | Descartes the Deep Elf Venom Mage began the quest for the
                  | Orb.
     0 | D:1      | Reached XP level 1. HP: 10/10 MP: 6/6
    47 | D:1      | Found Xeblus's Magic Scroll Shop.
   215 | D:1      | Reached XP level 2. HP: 11/15 MP: 4/8
   579 | D:1      | Reached skill level 4 in Poison Magic
   784 | D:1      | Found a faded altar of an unknown god.
   900 | D:2      | Reached XP level 3. HP: 13/19 MP: 2/9
  1312 | D:2      | Reached skill level 5 in Poison Magic
  1532 | D:2      | Noticed Terence
  1571 | D:2      | Killed Terence
  1572 | D:2      | Reached XP level 4. HP: 24/24 MP: 7/10
  1788 | D:3      | Learned a level 4 spell: Olgreb's Toxic Radiance
  1791 | D:3      | Learned a level 2 spell: Poisonous Vapours
  1817 | D:3      | Found a glowing drain.
  1833 | Sewer    | Entered a sewer
  2342 | Sewer    | Reached skill level 6 in Poison Magic
  2567 | D:3      | Reached XP level 5. HP: 28/28 MP: 4/11
  2808 | D:3      | Found a runed translucent door.
  2809 | D:3      | Noticed Crazy Yiuf
  3518 | D:3      | Learned a level 1 spell: Apportation
  3755 | D:3      | Noticed Grinder
  3777 | D:4      | Found Kumut's Distillery.
  3788 | D:3      | Killed from afar by Grinder

Illustrated notes

Levels and vault maps discovered:
D:1:      ncdulo_lavacross, layout_rooms, serial_shops, shop_scrolls,
          shapermc_ecumenical_altar_mp_ritualfount,
          corexii_item_surrounded_by_moat, kennysheep_minor_cross
D:2:      layout_rooms, uniq_terence
D:3:      layout_loops_ring, cheibrodos_sewer_entry_sluice, uniq_grinder,
          uniq_crazy_yiuf_cottage
D:4:      layout_basic, nemelex_spade_bored_becter, serial_shops,
          nicolae_stop_n_shop_1, feat_on_display

Skill      XL: |  1  2  3  4 |
---------------+-------------+-----
Stealth        | 3 |  3.0
Poison Magic   | 4 5 6 |  6.4
Dodging        | |  2.4
Spellcasting   | |  3.0
Translocations | |  0.1
Transmutations | |  1.1

Action                   |  1- 3 |  4- 6 || total
-------------------------+-------+-------++-------
Melee: Unarmed           |     9 |       ||     9
       Dagger            |     3 |       ||     3
       Short sword       |       |    10 ||    10
 Cast: Sting             |    74 |    58 ||   132
       Olgreb's Toxic Ra |       |     4 ||     4
       Poisonous Vapours |       |    17 ||    17
  Use: Scroll            |       |     2 ||     2
       Potion            |       |     1 ||     1
Armor: Robe              |    10 |     4 ||    14
       Leather armour    |       |     1 ||     1
Dodge: Dodged            |    26 |     6 ||    32
Block: Other             |     5 |     8 ||    13
       Reflection        |       |     1 ||     1
